 Dungeon Crawl Stone Soup version 0.32-a0-306-gfed3edf829 (webtiles) character file.

Game seed: 2703984027500094606

100 zenocrate the Sneak (level 4, 0/34 (35) HPs)
             Began as a Demonspawn Delver on Feb 14, 2024.
             Slain by Crazy Yiuf
             ... wielding a +4 quarterstaff of chaos
              (14 damage)
             ... on level 2 of the Dungeon.
             The game lasted 00:02:44 (2215 turns).

zenocrate the Sneak (Demonspawn Delver)             Turns: 2215, Time: 00:02:45

HP:   0/34 (35)     AC: 10    Str: 14    XL:     4   Next: 47%
MP:   4/4           EV: 10    Int: 11    God:
Gold: 95            SH:  0    Dex: 14    Spells: 3/3 levels left

rFire   + .          .
                       - Unarmed
rCold   + . .        (no shield)
rNeg    . . .        d - +0 scale mail
rPois   .            p - +0 helmet
rElec   .            n - +0 cloak
rCorr   .            c - +0 pair of gloves
SInv    .            v - +0 pair of boots
Will    .....        (no amulet)
Stlth   +            q - ring of protection from fire
HPRegen 0.25/turn    A - ring of protection from cold
MPRegen 0.09/turn

%: no passive effects
@: lethally poisoned (0 -> -2), hasted, lightly drained, very quick
A: demonic guardian 2
a: no special abilities


You were on level 2 of the Dungeon.
You visited 1 branch of the dungeon, and saw 5 of its levels.

You collected 95 gold pieces.

Inventory:

Missiles
 w - 2 javelins
 y - 3 poisoned darts (quivered)
Armour
 c - a +0 pair of gloves (worn)
 d - a +0 scale mail (worn)
 n - a +0 cloak (worn)
 p - a +0 helmet (worn)
 r - a +0 hat
 v - a +0 pair of boots (worn)
Jewellery
 q - a ring of protection from fire (left hand)
 u - a ring of protection from fire
 A - a ring of protection from cold (right hand)
Talismans
 g - a beast talisman
Wands
 f - a wand of digging (3)
Scrolls
 b - a scroll of fog
 e - 2 scrolls of butterflies {unknown}
 h - a scroll of amnesia {unknown}
 i - 2 scrolls of identify {unknown}
 l - 2 scrolls of vulnerability {unknown}
 o - a scroll of poison {unknown}
 s - a scroll of enchant armour {unknown}
Potions
 a - 3 potions of heal wounds {unknown}
 j - 2 potions of lignification {unknown}
 k - a potion of haste
 m - 2 potions of might {unknown}
 t - a potion of curing {unknown}
 x - a potion of brilliance {unknown}
 z - 2 potions of ambrosia {unknown}


   Skills:
 - Level 3.0 Fighting
 + Level 2.7 Dodging
 - Level 4.5 Stealth
 + Level 3.7 Unarmed Combat


You had 3 spell levels left.
You didn't know any spells.
Your spell library contained the following spells:

 Spells                   Type           Power      Damage    Failure   Level
 Kiss of Death            Conj/Necr      0%         2d5       85%         1
 Confusing Touch          Hex            0%         N/A       99%         3
 Dispel Undead            Necr           0%         3d6       100%        4
 Iskenderun's Battlesphe  Conj           0%         2d6       100%        5
 Bombard                  Conj/Erth      0%         9d1       100%        6
 Spellforged Servitor     Conj/Summ      0%         N/A       100%        7


Dungeon Overview and Level Annotations

Branches:
Dungeon (5/15)
 Temple: D:4-7

Altars:

Shops:
D:1 *

Annotations:
D:2 Crazy Yiuf


Innate Abilities, Weirdness & Mutations

A demonic guardian rushes to your aid.


Message History

No reachable target in view!
Could not explore, unopened runed door.
Press: ? - help, v - describe, . - travel
Here: Crazy Yiuf, wielding a +4 quarterstaff of chaos and wearing a +2 cloak (fire blocked by a runed translucent door)
The floor.
You open the door.
Crazy Yiuf says, "Cholesterol!"
You closely miss Crazy Yiuf.
Crazy Yiuf waves his quarterstaff at you.
Crazy Yiuf hits you with a +4 quarterstaff of chaos.
You hit Crazy Yiuf but do no damage. Crazy Yiuf hits you but does no damage.
You are poisoned.
You hit Crazy Yiuf.
Crazy Yiuf is lightly wounded.
You feel sick.
Crazy Yiuf hits you with a +4 quarterstaff of chaos!
You feel drained.
Unknown command.
Okay, then.
Okay, then.
Okay, then.
You feel yourself speed up.
You feel sick.
Crazy Yiuf hits you with a +4 quarterstaff of chaos.
Crazy Yiuf draws strength from your wounds!
Unknown command.
You hit Crazy Yiuf.
Crazy Yiuf is moderately wounded.
Unknown command.
You hit Crazy Yiuf but do no damage.
Crazy Yiuf is moderately wounded.
You feel sick. Crazy Yiuf barely misses you.
Unknown command.
You hit Crazy Yiuf.
Crazy Yiuf is heavily wounded.
You feel sick.
Unknown command.
You hit Crazy Yiuf.
Crazy Yiuf is severely wounded.
Crazy Yiuf hits you with a +4 quarterstaff of chaos!
You die...

#........................
#########........[..###.###.#.###
........'...###...### #.# #.#....
.....######## ##### ### #.#....
.....'..# #.##... )....####
#..+... .....#####♣♣ ### ####...
...........♣♣ ♣♣#..)# #...
.....#......♣♣♣♣@g...# ####
###'###......♣..♣#...# ##########
#.# ##....♣.♣♣♣ ### #.........
###.######♣♣♣♣♣ #.#######.
........# #.#.....#.
###.###>###### ### ###.#.###.#.
#.....#......# #.# #'#.#.#<#.#.
#.#.#.#..##### #.# #.#.#.#.#.#.
#.#.#.#..# #.# #.#.#.#.#.#.


You could see Crazy Yiuf.

Vanquished Creatures
  An adder (D:2)
  4 ribbon worms (D:2)
  A dart slug (D:2)
  5 ball pythons
  4 bats
  5 endoplasms
  3 giant cockroaches
  4 goblins
  3 hobgoblins
  2 jackals (D:1)
  2 quokkas (D:1)
  3 frilled lizards
  5 kobolds
  4 rats
46 creatures vanquished.

Notes
Turn   | Place    | Note
-------+----------+-------------------------------------------
     0 | D:5      | zenocrate the Demonspawn Delver began the quest for the
                  | Orb.
     0 | D:5      | Reached XP level 1. HP: 18/18 MP: 1/1
     1 | D:5      | Noticed a black bear
     9 | D:5      | Noticed a bombardier beetle
   258 | D:2      | Gained mutation: A weak demonic guardian rushes to your
                  | aid. [demonic ancestry]
   258 | D:2      | Reached XP level 2. HP: 4/24 MP: 2/2
   578 | D:1      | Reached XP level 3. HP: 29/29 MP: 3/3
   776 | D:1      | Found Bifusemu's General Store.
  1336 | D:2      | Gained mutation: A demonic guardian rushes to your aid.
                  | [demonic ancestry]
  1336 | D:2      | Reached XP level 4. HP: 35/35 MP: 4/4
  1463 | D:2      | Found a runed translucent door.
  1465 | D:2      | Noticed Crazy Yiuf
  2215 | D:2      | Slain by Crazy Yiuf

Illustrated notes

Levels and vault maps discovered:
D:1:      tarquinn_simple_flora_water_d, layout_basic, serial_shops, shop_statue
D:2:      layout_basic, uniq_crazy_yiuf_cottage
D:3:      layout_basic, kennysheep_generic_room_11, uniq_ijyb
D:4:      minmay_evil_eye, layout_gridville, nicolae_overflow_hidden_temple,
          fiery_altar_vehumet, mainiacjoe_overflow_catwalk_spiral,
          minmay_between
D:5:      layout_rooms, evilmike_ruin_ashenzari, minmay_temple_entry_metal_lava,
          uniq_sigmund

Skill      XL: |  1  2  3 |
---------------+----------+-----
Unarmed Combat | 2 3 |  3.7
Dodging        | 2 |  2.7
Fighting       | |  3.0
Stealth        | |  4.5

Action                     |  1- 3 |  4- 6 || total
---------------------------+-------+-------++-------
  Melee: Unarmed           |   158 |    57 ||   215
         Punch             |     3 |     1 ||     4
    Use: Scroll            |     2 |       ||     2
         Potion            |     1 |     1 ||     2
   Stab: Sleeping          |     1 |     3 ||     4
 Armour: Scale mail        |   109 |    31 ||   140
         Leather armour    |     5 |       ||     5
  Dodge: Dodged            |    86 |    20 ||   106

Table legend: (Time is in decaauts)
 A = Elapsed time spent in this place.
 B = Non-inter-level travel time spent in this place.
 C = Inter-level travel time spent in this place.
 D = Time resting spent in this place.
 E = Time spent auto-exploring this place.
 F = Levels seen in this place.
 G = Mean time per level.
                   A        B        C        D        E       F      G
               +--------+--------+--------+--------+--------+-----+--------+
         Total |   2182 |   2169 |     13 |     55 |   1614 |   5 |  436.4 |
       Dungeon |   2182 |   2169 |     13 |     55 |   1614 |   5 |  436.4 |
               +--------+--------+--------+--------+--------+-----+--------+

Top non-repeatable levels by time:
     D:2: 1112 daAuts
     D:1: 897 daAuts
     D:3: 90 daAuts
     D:4: 63 daAuts
     D:5: 18 daAuts
